 Dungeon Crawl Stone Soup version 0.24.0-13-gcf9b319 (webtiles) character file.

Game seed: 7796516089947273347, levelgen mode: deterministic

369 silenth the Gusty (level 6, 0/34 HPs)
             Began as a Tengu Air Elementalist on Feb 4, 2020.
             Slain by a killer bee zombie (7 damage)
             ... on level 7 of the Dungeon.
             The game lasted 00:04:59 (3821 turns).

silenth the Gusty (Tengu Air Elementalist)          Turns: 3821, Time: 00:05:00

Health: 0/34       AC:  3    Str:  8    XL:     6   Next: 70%
Magic:  12/12      EV:  8    Int: 18    God:
Gold:   158        SH:  0    Dex: 14    Spells: 2/12 levels left

rFire    + . .     SeeInvis .   p - +3 spear (flame)
rCold    + . .     Gourm    .   (no shield)
rNeg     . . .     Faith    .   a - +1 robe
rPois    .         Spirit   .   (helmet restricted)
rElec    .         Reflect  +   d - scarf {rC+ rF+}
rCorr    .         Harm     .   (no gloves)
MR       +....                  (boots unavailable)
Stlth    ++........             f - +5 amulet of reflection
HPRegen  0.11/turn              j - ring of protection from magic
MPRegen  0.13/turn              (no ring)

@: flying quickly and evasively, held, quick
A: beak, talons 3, able to fly
a: Stop Flying


You were on level 7 of the Dungeon.
You were hungry.

You visited 1 branch of the dungeon, and saw 5 of its levels.

You collected 158 gold pieces.

Inventory:

Hand Weapons
 b - a +0 short sword
 p - a +3 spear of flaming (weapon)
Armour
 a - a +1 robe (worn)
 d - a scarf of resistance (worn)
Magical Staves
 u - an uncursed staff of fire
Jewellery
 f - a +5 amulet of reflection (around neck)
 j - a ring of protection from magic (left hand)
 o - an uncursed ring of ice
Wands
 t - a wand of disintegration (16)
Scrolls
 g - a scroll of enchant weapon
 l - a scroll of amnesia
 r - a scroll of remove curse
Potions
 c - 3 potions of curing
 h - a potion of flight
 k - 2 potions of agility
 m - a potion of brilliance
 s - a potion of haste
 v - a potion of resistance
Comestibles
 e - 5 rations


   Skills:
 + Level 1.3 Fighting
 - Level 2.1 Dodging
 - Level 2.0 Stealth
 + Level 3.8 Spellcasting
 + Level 5.0 Conjurations
 + Level 6.2 Air Magic


You had 2 spell levels left.
You knew the following spells:

 Your Spells              Type           Power        Failure   Level  Hunger
a - Shock                 Conj/Air       ###.         1%          1    None
b - Swiftness             Chrm/Air       ##......     6%          2    ##.....
c - Static Discharge      Conj/Air       ###.....     4%          3    ###....
d - Airstrike             Air            ####......   12%         4    ####...

Your spell library contained the following spells:

 Spells                   Type           Power        Failure   Level  Hunger
 Lightning Bolt           Conj/Air       ###.......   38%         5    ######.


Dungeon Overview and Level Annotations

Branches:
Dungeon (4/15)
 Temple: D:4-7

Altars:
Trog

Annotations:
D:3 1 runed translucent door, Bugaboo's ghost, amateur DrFi
D:7 Harold


Innate Abilities, Weirdness & Mutations

You have a beak for a mouth.
You have claws for feet.
You can fly continuously.


Message History

The killer bee zombie hits you. The killer bee zombie hits you.
The killer bee zombie hits you!
Harold the Weathered comes into view.
He is wielding a +0 hand axe.
You see here 15 gold pieces.
The killer bee zombie hits you.
Harold shouts!
Harold throws a throwing net.
The throwing net hits you.
You become entangled in the net!
There is a stone staircase leading up here.
You see here a throwing net.
You can't do that while held in a net.
You can't do that while held in a net.
You struggle against the net.
The killer bee zombie closely misses you.
The killer bee zombie hits you.
* * * LOW HITPOINT WARNING * * *
A sky beast comes into view.
You struggle against the net.
The killer bee zombie hits you!
You die...

########## #........# .
#....?...#
...@######........#
.......@ZSr.......######
.Y.#######............>.
#####..##......
#..........
#####..........
.......##......
##.....###### #.#....#
#.#..#.#


You could see Harold, a water moccasin, a sky beast (wandering), a killer bee
zombie and a quokka.

Vanquished Creatures
  A hound (D:4)
  An orc wizard (D:4)
  A bullfrog skeleton (D:4)
  Natasha (thrice) (D:3)
  2 worker ants (D:4)
  3 gnolls
  4 adders
  3 worms
  A dart slug (D:2)
  4 leopard geckos
  9 orcs
  A ball python (D:3)
  9 bats
  6 giant cockroaches
  6 goblins
  11 hobgoblins
  4 frilled lizards
  7 kobolds
  6 rats
82 creatures vanquished.

Notes
Turn   | Place    | Note
-------+----------+-------------------------------------------
     0 | D:1      | silenth the Tengu Air Elementalist began the quest for the
                  | Orb.
     0 | D:1      | Reached XP level 1. HP: 10/10 MP: 4/4
   231 | D:1      | Reached XP level 2. HP: 15/15 MP: 1/6
   311 | D:1      | Reached skill level 2 in Conjurations
   830 | D:1      | Reached XP level 3. HP: 16/19 MP: 7/7
   834 | D:1      | Learned a level 2 spell: Swiftness
   838 | D:1      | Learned a level 3 spell: Static Discharge
  1219 | D:2      | Reached skill level 3 in Conjurations
  1219 | D:2      | Reached XP level 4. HP: 24/24 MP: 1/9
  1245 | D:2      | Reached skill level 5 in Air Magic
  1514 | D:2      | Reached skill level 3 in Spellcasting
  2098 | D:3      | Found a runed translucent door.
  2099 | D:3      | Noticed Bugaboo's ghost (amateur DrFi)
  2148 | D:3      | Gained mutation: You can fly continuously. [Tengu growth]
  2148 | D:3      | Reached XP level 5. HP: 28/28 MP: 6/10
  2490 | D:3      | Noticed Natasha
  2495 | D:3      | Killed Natasha
  2495 | D:3      | Reached skill level 4 in Conjurations
  2610 | D:3      | Noticed Natasha
  2619 | D:3      | Killed Natasha
  2831 | D:3      | Noticed Natasha
  2842 | D:3      | Killed Natasha
  2997 | D:3      | Learned a level 4 spell: Airstrike
  3058 | D:4      | Reached XP level 6. HP: 17/33 MP: 3/12
  3137 | D:4      | Reached skill level 6 in Air Magic
  3494 | D:4      | Reached skill level 1 in Fighting
  3724 | D:4      | Reached skill level 5 in Conjurations
  3781 | D:4      | You are sucked into a shaft and drop 3 floors!
  3785 | D:7      | Found a bloodstained altar of Trog.
  3792 | D:7      | Noticed a water moccasin
  3817 | D:7      | Noticed Harold
  3820 | D:7      | Noticed a sky beast
  3821 | D:7      | Slain by a killer bee zombie

Levels and vault maps discovered:
D:1:      saegor_arrival_simple_a, layout_loops_cross
D:2:      layout_loops_ring, first_ration, grunt_ministairs_15
D:3:      layout_rooms, gammafunk_ghost_grave, uniq_natasha
D:4:      layout_layer_cave, minmay_temple_entry_gardened_gates
D:7:      layout_rooms, bloody_trog, nicolae_ossuary_entry_catacombs,
          uniq_harold

Skill      XL: |  1  2  3  4  5  6 |
---------------+-------------------+-----
Conjurations   | 2 3 4 5 |  5.0
Air Magic      | 5 6 |  6.2
Spellcasting   | 3 |  3.8
Fighting       | 1 |  1.3
Dodging        | |  2.1
Stealth        | |  2.0

Action                   |  1- 3 |  4- 6 || total
-------------------------+-------+-------++-------
Melee: Short sword       |    16 |     2 ||    18
       Peck              |     2 |     4 ||     6
       Kick              |     2 |     4 ||     6
       Spear             |       |    50 ||    50
 Cast: Shock             |    57 |    98 ||   155
 Abil: Fly               |       |     1 ||     1
  Use: Scroll            |       |    12 ||    12
 Stab: Sleeping          |     1 |     4 ||     5
  Eat: Chunk             |     2 |     7 ||     9
Armor: Robe              |     7 |     9 ||    16
Dodge: Dodged            |    21 |    59 ||    80
Block: Other             |       |     2 ||     2
